cohdb
Replays
Latest Replays
All Replays
Popular Replays
Top Player Replays
Match Explorer
How It Works
Community
CoH3 Stats
Reddit
Sign in to upload your games and track your stats! →
Sign in with Steam
Match 40603953
Unlisted
Match 40603953
Overview
Messages
Build Orders
End
Kradschützen Motorcycle Team
Selects Italian Infantry
Panzergrenadier Squad
250 Light Carrier
Construct Light Support Kompanie
Assault Grenadier Squad
2.5-tonne Medical Truck
Fire Support Elements
Assault Grenadier Squad
Construct Mechanized Kompanie
Selects Guastatori Squad
Guastatori Squad
StuG III D Assault Gun
Guastatori Squad
Selects Registered Artillery
Selects Towed Cannone da 105/28 Field Howitzer
okzaya
XuZhongwei
0
0
Comments
sign in to comment!
No comments posted yet!